 Dungeon Crawl Stone Soup version 0.24-a0-434-gd57e52fea8 (webtiles) character file.

Game seed: 14170251418286439962

175658 theanonym the Blocker (level 17, -1/138 HPs)
             Began as a Mummy Air Elementalist on June 14, 2019.
             Was the Champion of Vehumet.
             Slain by a jumping spider (3 damage)
             ... on level 2 of the Spider Nest on June 15, 2019.
             The game lasted 01:54:21 (58977 turns).

theanonym the Blocker (Mummy Air Elementalist)     Turns: 58977, Time: 01:54:21

Health: -1/138     AC: 19    Str: 16    XL:     17   Next: 48%
Magic:  51/51      EV: 11    Int: 19    God:    Vehumet [******]
Gold:   644        SH:  0    Dex: 13    Spells: 5/40 levels left

rFire    . . .     SeeInvis .   a - staff of air
rCold    + . .     Gourm    .   u - +5 shield {rF+}
rNeg     + + +     Faith    .   I - +3 ring mail
rPois    ∞         Spirit   .   K - +2 hat
rElec    +         Reflect  .   l - +2 cloak
rCorr    .         Harm     .   i - +2 pair of gloves {Str+3}
MR       ++...                  (no boots)
Stlth    ..........             J - amulet of magic regeneration
HPRegen  0.33/turn              h - ring of magical power
MPRegen  0.57/turn              p - ring of magical power

@: confused
A: no food or potions, fire vulnerability, cold resistance 1, negative energy
resistance 3, torment resistance, unbreathing, in touch with death 1
a: Renounce Religion


Innate Abilities, Weirdness & Mutations

You do not eat or drink.
Your flesh is vulnerable to fire.
You are immune to poison.
Your flesh is cold resistant. (rC+)
You are immune to negative energy. (rN+++)
You are immune to unholy pain and torment.
You can survive without breathing.
You are in touch with the powers of death.


   Skills:
 + Level 13.9 Fighting
 - Level 10.0 Armour
 - Level 1.5 Dodging
 - Level 1.5 Stealth
 * Level 14.5 Shields
 - Level 12.0 Spellcasting
 - Level 10.0 Conjurations
 - Level 5.0 Charms
 - Level 3.0 Translocations
 + Level 4.2 Fire Magic
 - Level 9.2 Air Magic


You had 5 spell levels left.
You knew the following spells:

 Your Spells              Type           Power        Failure   Level  Hunger
a - Iron Shot             Conj/Erth      ####......   45%         6    N/A
b - Static Discharge      Conj/Air       ######..     1%          3    N/A
c - Lightning Bolt        Conj/Air       ######....   1%          5    N/A
e - Airstrike             Air            ######....   1%          4    N/A
f - Bolt of Fire          Conj/Fire      #####.....   22%         6    N/A
l - Blink                 Tloc           N/A          4%          2    N/A
q - Apportation           Tloc           ###...       3%          1    N/A
s - Swiftness             Chrm/Air       ######..     1%          2    N/A
t - Deflect Missiles      Chrm/Air       ######....   65%         6    N/A

Your spell library contained the following spells:

 Spells                   Type           Power        Failure   Level  Hunger
 Spellforged Servitor     Conj/Summ      ####......   93%         7    N/A
 Flame Tongue             Conj/Fire      #####        1%          1    N/A
 Magic Dart               Conj           ####         1%          1    N/A
 Shock                    Conj/Air       ####         1%          1    N/A
 Throw Flame              Conj/Fire      #####.       1%          2    N/A
 Conjure Flame            Conj/Fire      #####...     1%          3    N/A
 Mephitic Cloud           Conj/Pois/Air  ######..     1%          3    N/A
 Sticky Flame             Conj/Fire      #####...     1%          4    N/A
 Inner Flame              Hex/Fire       ###.....     3%          3    N/A
 Fireball                 Conj/Fire      #####.....   4%          5    N/A
 Gell's Gravitas          Tloc           ###.......   9%          3    N/A
 Animate Skeleton         Necr           N/A          11%         1    N/A
 Confusing Touch          Hex            ##....       11%         1    N/A
 Corona                   Hex            ##.....      11%         1    N/A
 Summon Butterflies       Summ           ##......     11%         1    N/A
 Summon Small Mammal      Summ           ##..         11%         1    N/A
 Call Imp                 Summ           ##......     16%         2    N/A
 Slow                     Hex            ##......     16%         2    N/A
 Portal Projectile        Hex/Tloc       ###...       17%         3    N/A
 Call Canine Familiar     Summ           ##......     30%         3    N/A
 Confuse                  Hex            ##......     30%         3    N/A
 Silence                  Hex/Air        #####.....   41%         5    N/A
 Yara's Violent Unravell  Hex/Tmut       ##........   54%         5    N/A
 Cause Fear               Hex            ##........   71%         4    N/A
 Leda's Liquefaction      Hex/Erth       ##........   71%         4    N/A
 Petrify                  Tmut/Erth      ##......     71%         4    N/A
 Summon Ice Beast         Ice/Summ       ##......     71%         4    N/A
 Metabolic Englaciation   Hex/Ice        ##........   96%         5    N/A
 Summon Mana Viper        Hex/Summ       ##......     96%         5    N/A
 Poison Arrow             Conj/Pois      ####......   45%         6    N/A
 Chain Lightning          Conj/Air       ######....   95%         8    N/A
 Summon Hydra             Summ           ##........   100%        7    N/A
 Discord                  Hex            ##........   100%        8    N/A
 Lehudib's Crystal Spear  Conj/Erth      ####......   100%        8    N/A
 Fire Storm               Conj/Fire      #####.....   100%        9    N/A
 Glaciate                 Conj/Ice       ####......   100%        9    N/A

Skill      XL: |  1  2  3  4  5  6  7  8  9 10 11 12 13 14 15 16 17 |
---------------+----------------------------------------------------+-----
Conjurations   | 1 2 3 4 6 8 9 10 | 10.0
Spellcasting   | 3 4 5 6 7 9 10 11 12 | 12.0
Armour         | 1 2 3 4 5 6 7 9 10 | 10.0
Air Magic      | 3 4 5 6 7 8 9 |  9.2
Shields        | 2 5 6 8 9 10 11 13 14 | 14.5
Fire Magic     | 2 3 4 |  4.2
Fighting       | 1 5 7 9 10 12 13 | 13.9
Charms         | 2 3 5 |  5.0
Translocations | 1 3 |  3.0
Dodging        | |  1.5
Stealth        | |  1.5

Action                   |  1- 3 |  4- 6 |  7- 9 | 10-12 | 13-15 | 16-18 || total
-------------------------+-------+-------+-------+-------+-------+-------++-------
Melee: Dagger            |    37 |       |     8 |    68 |    65 |    98 ||   276
       Unarmed           |     3 |       |       |       |       |       ||     3
       Staff             |       |       |       |     8 |    53 |     2 ||    63
Throw: Throwing net      |       |       |       |     2 |       |     1 ||     3
 Cast: Shock             |    68 |   148 |   210 |    80 |     2 |       ||   508
       Static Discharge  |       |     1 |     2 |    21 |    87 |    58 ||   169
       Airstrike         |       |       |    90 |   365 |   409 |   247 ||  1111
       Swiftness         |       |       |       |     3 |     5 |     1 ||     9
       Lightning Bolt    |       |       |       |    42 |   551 |   458 ||  1051
       Bolt of Fire      |       |       |       |       |     2 |    14 ||    16
       Deflect Missiles  |       |       |       |       |     1 |     3 ||     4
       Apportation       |       |       |       |       |       |     2 ||     2
       Blink             |       |       |       |       |       |     1 ||     1
Evoke: Wand              |       |     2 |     1 |    24 |     9 |    11 ||    47
       Sack of spiders   |       |       |       |       |     2 |     5 ||     7
       Fan of gales      |       |       |       |       |       |     1 ||     1
  Use: Scroll            |     3 |     7 |     8 |     4 |    13 |    11 ||    46
 Stab: Paralysed         |       |       |       |    14 |       |       ||    14
       Held in net/web   |       |       |       |     1 |       |       ||     1
       Distracted        |       |       |       |       |     1 |     1 ||     2
       Confused          |       |       |       |       |       |     4 ||     4
Armor: Robe              |     2 |       |       |     1 |       |       ||     3
       Ring mail         |    11 |    14 |    65 |   145 |   277 |   247 ||   759
       Leather armour    |       |    11 |    18 |       |       |       ||    29
Dodge: Dodged            |    34 |    35 |   100 |   157 |   202 |   210 ||   738
       Deflected         |       |       |       |       |       |    12 ||    12
Block: Shield            |       |       |     4 |       |   433 |   552 ||   989
       Buckler           |       |       |       |    68 |     6 |       ||    74

Inventory:

Hand Weapons
 b - the +6 dagger "Luegiy" {protect, rN+}

   It grants its wielder temporary protection when it strikes (+7 to AC).
   It protects you from negative energy.
Armour
 g - a +0 ring mail of cold resistance
 i - a +2 pair of gloves of strength (worn)
 l - a +2 cloak (worn)
 u - a +5 shield of fire resistance (worn)
 D - a +1 robe of fire resistance
 I - a +3 ring mail (worn)
 K - a +2 hat (worn)
Magical Staves
 a - an uncursed staff of air (weapon)
Jewellery
 h - a ring of magical power (left hand)
 j - an uncursed ring of flight
 p - a ring of magical power (right hand)
 s - a +5 ring of evasion
 z - an uncursed ring of fire
 A - an uncursed ring of resist corrosion
 E - an uncursed ring of protection from fire
 J - an amulet of magic regeneration (around neck)
 L - an uncursed ring of see invisible
Wands
 c - a wand of clouds (7)
 d - a wand of digging (6)
 e - a wand of disintegration (1)
 m - a wand of enslavement (26)
 v - a wand of acid (6)
 w - a wand of flame (44)
 y - a wand of random effects (57)
 G - a wand of polymorph (2)
Scrolls
 f - 3 scrolls of fog
 k - a scroll of enchant armour
 n - 11 scrolls of remove curse
 o - 7 scrolls of fear
 q - 4 scrolls of immolation
 r - 11 scrolls of identify
 t - 11 scrolls of teleportation
 B - 3 scrolls of blinking
 C - 3 scrolls of amnesia
Miscellaneous
 F - a fan of gales


You were on level 2 of the Spider Nest.
You worshipped Vehumet.
Vehumet was exalted by your worship.
You were not hungry.

You visited 5 branches of the dungeon, and saw 29 of its levels.

You collected 3112 gold pieces.
You spent 2468 gold pieces at shops.

Dungeon Overview and Level Annotations

Branches:
Dungeon (15/15)            Temple (0/1) D:6            Lair (6/6) D:11
  Swamp (4/4) Lair:3       Spider (2/4) Lair:3        Slime (0/5) Lair:6
    Orc (2/2) D:9             Elf (0/3) Orc:2        Vaults (0/5) D:13
 Depths (0/5) D:15

Altars:
Ashenzari
Cheibriados
Elyvilon
Gozag
Hepliaklqana
Nemelex Xobeh
Okawaru
Qazlal
Ru
Vehumet
Zin
Beogh

Shops:
D:4 *   D:5 **   D:7 *   D:12 *   Orc:2 :(:!

Annotations:
Swamp:1 1 runed translucent door, Roghewn's ghost, adept FoFi

#########.
#s@s......
#†ss......
.s..#.#....
...s..###
...
......... .
.s##..#.. .
##.#.. ##
###### #.


You could see 2 demonic crawlers, an orb spider, 3 jumping spiders and a
tarantella.

Notes
Turn   | Place    | Note
-------+----------+-------------------------------------------
     0 | D:1      | theanonym the Mummy Air Elementalist began the quest for
                  | the Orb.
     0 | D:1      | Reached XP level 1. HP: 13/13 MP: 4/4
   129 | D:1      | Reached skill level 1 in Conjurations
   316 | D:1      | HP: 5/13 [hobgoblin/+0 club (3)]
   326 | D:1      | Reached skill level 3 in Spellcasting
   326 | D:1      | Reached XP level 2. HP: 8/19 MP: 0/6
   572 | D:1      | HP: 9/19 [kobold/+0 short sword (2)]
  1261 | D:2      | Reached XP level 3. HP: 24/24 MP: 3/7
  1492 | D:2      | Learned a level 3 spell: Static Discharge
  1738 | D:3      | Reached skill level 1 in Armour
  1877 | D:3      | Reached XP level 4. HP: 28/30 MP: 9/9
  1895 | D:3      | Learned a level 4 spell: Airstrike
  2044 | D:3      | Noticed Natasha
  2050 | D:3      | Killed Natasha
  2050 | D:3      | Reached skill level 3 in Air Magic
  2161 | D:3      | Found an iron altar of Okawaru.
  2242 | D:3      | Reached skill level 2 in Conjurations
  2282 | D:3      | Found a sacrificial altar of Ru.
  2346 | D:3      | Reached skill level 4 in Spellcasting
  2346 | D:3      | Reached XP level 5. HP: 31/35 MP: 11/11
  2491 | D:3      | Noticed Natasha
  2505 | D:3      | Killed Natasha
  2769 | D:4      | Found Wugg's Assorted Antiques.
  2813 | D:4      | Bought a scroll labeled PUMONN XAKHLI for 31 gold pieces
  2870 | D:4      | Found a hazy altar of Hepliaklqana.
  2901 | D:4      | Found a radiant altar of Vehumet.
  2907 | D:4      | Became a worshipper of Vehumet
  2907 | D:4      | HP: 5/35 [something (30)]
  3306 | D:4      | Reached skill level 2 in Armour
  3549 | D:4      | Learned a level 2 spell: Swiftness
  3609 | D:5      | Entered Level 5 of the Dungeon
  3609 | D:5      | Noticed a necrophage
  3622 | D:5      | Killed a necrophage
  3622 | D:5      | Reached XP level 6. HP: 25/41 MP: 13/13
  3826 | D:5      | Found an opulent altar of Gozag.
  3967 | D:5      | Reached skill level 5 in Spellcasting
  3967 | D:5      | Reached skill level 3 in Conjurations
  4082 | D:5      | Found Gozag's Platinum Reserve.
  4089 | D:5      | Found Wootig Ucvuf's General Store.
  4322 | D:5      | Noticed Sigmund
  4324 | D:5      | Noticed Sigmund
  4324 | D:5      | Sigmund changed into Sigmund the hound
  4335 | D:5      | Killed Sigmund the hound
  4335 | D:5      | Reached XP level 7. HP: 36/46 MP: 14/14
  4355 | D:5      | Reached skill level 4 in Air Magic
  4487 | D:5      | Noticed Ijyb
  4499 | D:5      | Noticed Ijyb
  4499 | D:5      | Ijyb changed into Ijyb the river rat
  4503 | D:5      | Killed Ijyb the river rat
  4629 | D:5      | Found a shattered altar of Ashenzari.
  4632 | D:5      | Noticed Prince Ribbit
  4636 | D:5      | Killed Prince Ribbit
  4636 | D:5      | Reached skill level 3 in Armour
  4769 | D:5      | Learned a level 5 spell: Lightning Bolt
  4800 | D:5      | HP: 21/46 [orc priest/divine providence (12)]
  5253 | D:6      | Reached skill level 6 in Spellcasting
  5310 | D:5      | Reached XP level 8. HP: 44/52 MP: 17/17
  5425 | D:6      | Reached skill level 4 in Conjurations
  5595 | D:6      | Found a staircase to the Ecumenical Temple.
  5861 | D:6      | Reached skill level 4 in Armour
  5963 | D:6      | Reached skill level 5 in Air Magic
  6149 | D:6      | Reached * piety under Vehumet
  6149 | D:6      | Offered knowledge of Flame Tongue by Vehumet.
  6168 | D:6      | Reached skill level 7 in Spellcasting
  6717 | D:7      | Found a snail-covered altar of Cheibriados.
  6731 | D:7      | Found a stormy altar of Qazlal.
  6864 | D:7      | You fall into a shaft and drop 2 floors!
  6869 | D:9      | Noticed a hornet
  6873 | D:9      | Killed a hornet
  6873 | D:9      | Reached XP level 9. HP: 57/57 MP: 20/20
  6973 | D:9      | Reached skill level 5 in Conjurations
  7049 | D:9      | Found a staircase to the Orcish Mines.
  7111 | D:9      | Identified the +1 robe "Dymuppuu" {rN+ Str+3 SInv} (You
                  | found it on level 9 of the Dungeon)
  7723 | D:7      | Reached skill level 5 in Armour
  7723 | D:7      | Reached skill level 8 in Spellcasting
  7794 | D:7      | Found a sparkling altar of Nemelex Xobeh.
  7861 | D:7      | Offered knowledge of Throw Frost by Vehumet.
  7901 | D:7      | Reached ** piety under Vehumet
  8311 | D:7      | Got an iridescent dagger
  8312 | D:7      | Identified the +6 dagger "Luegiy" {protect, rN+} (You found
                  | it on level 7 of the Dungeon)
  8978 | D:7      | Found Oxtaf's General Store.
  8989 | D:7      | Reached skill level 6 in Air Magic
  9033 | D:7      | Bought a scroll of identify for 24 gold pieces
  9058 | D:7      | HP: 27/57 [something (5)]
  9444 | D:7      | Found a shattered altar of Ashenzari.
  9486 | D:7      | Reached skill level 1 in Shields
  9614 | D:7      | Identified a scroll of acquirement
  9735 | D:8      | Reached skill level 2 in Shields
  9978 | D:8      | Reached skill level 9 in Spellcasting
  9978 | D:8      | Reached skill level 6 in Conjurations
 10016 | D:8      | Reached XP level 10. HP: 63/63 MP: 14/23
 10617 | D:8      | Reached skill level 3 in Shields
 10749 | D:9      | Offered knowledge of Throw Flame by Vehumet.
 10754 | D:9      | Learned a level 2 spell: Throw Flame
 10927 | D:9      | Reached *** piety under Vehumet
 10927 | D:9      | Reached skill level 6 in Armour
 10928 | D:9      | HP: 19/63 [yak (13)]
 11609 | D:9      | Noticed a two-headed ogre
 11624 | D:9      | Killed a two-headed ogre
 11624 | D:9      | Reached skill level 4 in Shields
 11624 | D:9      | Reached skill level 1 in Fire Magic
 11769 | D:10     | Entered Level 10 of the Dungeon
 11975 | D:10     | Offered knowledge of Fulminant Prism by Vehumet.
 12313 | D:10     | Reached skill level 2 in Fire Magic
 12503 | D:10     | Noticed Nergalle
 12526 | D:10     | HP: 29/63 [spectral orc knight/+0 great sword[Nergalle]
                  | (7)]
 12530 | D:10     | Killed Nergalle
 12530 | D:10     | Reached skill level 1 in Fighting
 12530 | D:10     | Reached skill level 5 in Shields
 12530 | D:10     | Reached skill level 10 in Spellcasting
 12707 | D:10     | Noticed an orc knight
 12707 | D:10     | Noticed a centaur warrior
 13208 | D:10     | Reached XP level 11. HP: 71/71 MP: 25/25
 13210 | D:10     | Killed a centaur warrior
 13213 | D:10     | Reached skill level 2 in Fighting
 13214 | D:10     | Reached **** piety under Vehumet
 13357 | D:10     | Reached skill level 7 in Conjurations
 13382 | D:10     | an orc knight changed into a manticore
 13393 | D:10     | Offered knowledge of Yara's Violent Unravelling by Vehumet.
 13602 | D:10     | Reached skill level 3 in Fire Magic
 13965 | D:10     | Noticed Urug
 13978 | D:10     | HP: 30/73 [Urug/silver javelin (10)]
 13983 | D:10     | HP: 19/73 [something (1)]
 13988 | D:10     | HP: 14/73 [something (3)]
 13992 | D:10     | HP: 2/73 [something (6)]
 14462 | D:9      | Noticed Urug
 14462 | D:9      | Urug changed into Urug the glowing orange brain
 14465 | D:9      | Killed Urug the glowing orange brain
 14858 | D:10     | Noticed an unseen horror
 14862 | D:10     | Killed an unseen horror
 14862 | D:10     | Reached skill level 3 in Fighting
 14862 | D:10     | Reached skill level 7 in Armour
 15206 | D:11     | Noticed Maurice
 15283 | D:11     | Learned a level 6 spell: Deflect Missiles
 15319 | D:11     | Noticed a cyan ugly thing
 15336 | D:11     | Reached skill level 1 in Charms
 15838 | D:11     | Reached skill level 6 in Shields
 15918 | D:11     | Reached skill level 4 in Fighting
 15930 | D:11     | Noticed a purple ugly thing
 15996 | D:10     | Reached skill level 2 in Charms
 16428 | D:11     | Killed Maurice
 16616 | D:11     | Reached ***** piety under Vehumet
 16628 | D:11     | Reached skill level 5 in Fighting
 16628 | D:11     | Reached skill level 8 in Conjurations
 16629 | D:11     | Offered knowledge of Bolt of Fire by Vehumet.
 16772 | D:11     | Learned a level 6 spell: Bolt of Fire
 16893 | D:11     | Killed a cyan ugly thing
 16893 | D:11     | Reached XP level 12. HP: 80/86 MP: 10/26
 17088 | D:11     | Found a staircase to the Lair.
 17650 | D:11     | Noticed a two-headed ogre
 17656 | D:11     | Killed a two-headed ogre
 17656 | D:11     | Reached skill level 7 in Shields
 17763 | D:11     | Reached skill level 6 in Fighting
 17992 | Lair:1   | Entered Level 1 of the Lair of Beasts
 18126 | D:11     | Learned a level 1 spell: Apportation
 18485 | Lair:1   | Reached skill level 1 in Translocations
 18721 | Lair:1   | Noticed a six-headed hydra
 18735 | Lair:1   | Killed a six-headed hydra
 18735 | Lair:1   | Reached skill level 7 in Fighting
 18735 | Lair:1   | Reached skill level 9 in Conjurations
 18902 | Lair:1   | Noticed a seven-headed hydra
 18909 | Lair:1   | Killed a seven-headed hydra
 19806 | Lair:2   | Reached skill level 8 in Shields
 20404 | Lair:2   | Gained mutation: You are in touch with the powers of death.
                  | [Mummy growth]
 20404 | Lair:2   | Reached XP level 13. HP: 98/98 MP: 10/27
 20798 | Lair:2   | Reached skill level 8 in Fighting
 22381 | Lair:3   | Reached skill level 8 in Armour
 22592 | Lair:3   | Noticed Sonja
 22923 | Lair:3   | Killed Sonja
 23048 | Lair:3   | Found a hole to the Spider Nest.
 23402 | Lair:3   | Found a staircase to the Swamp.
 23533 | Lair:4   | Reached skill level 10 in Conjurations
 23735 | Lair:4   | Reached skill level 9 in Shields
 23955 | Lair:4   | Reached skill level 9 in Fighting
 26120 | Lair:5   | Offered knowledge of Iron Shot by Vehumet.
 26866 | Lair:5   | Learned a level 6 spell: Iron Shot
 27324 | Lair:6   | Entered Level 6 of the Lair of Beasts
 27326 | Lair:6   | Reached skill level 9 in Armour
 27335 | Lair:6   | HP: 47/102 [torpor snail (10)]
 27336 | Lair:6   | Reached XP level 14. HP: 50/109 MP: 20/28
 27336 | Lair:6   | HP: 22/109 [yak[a torpor snail] (12)]
 28843 | Lair:6   | Reached skill level 11 in Spellcasting
 29103 | Lair:6   | Reached skill level 10 in Fighting
 30229 | Lair:6   | Reached skill level 10 in Shields
 30233 | Lair:6   | HP: 47/110 [polar bear (21)]
 30561 | Lair:6   | Found a runed translucent door.
 30571 | Lair:6   | HP: 49/110 [torpor snail (11)]
 31233 | Lair:6   | Reached skill level 3 in Charms
 31760 | Lair:6   | Found a glowing silver altar of Zin.
 31799 | Lair:6   | Reached skill level 7 in Air Magic
 31961 | Lair:6   | Found a staircase to the Slime Pits.
 31983 | Lair:6   | Offered knowledge of Poison Arrow by Vehumet.
 33699 | Orc:1    | Entered Level 1 of the Orcish Mines
 34135 | Orc:2    | Entered Level 2 of the Orcish Mines
 34135 | Orc:2    | Noticed an orc warlord
 34148 | Orc:1    | Killed an orc warlord
 34352 | Orc:1    | Reached XP level 15. HP: 75/117 MP: 30/30
 34500 | Orc:2    | Reached skill level 4 in Charms
 34596 | Orc:2    | Noticed Rupert
 34604 | Orc:2    | Noticed Saint Roka
 34769 | D:12     | Offered knowledge of Conjure Ball Lightning by Vehumet.
 35113 | D:12     | Noticed Kirke
 35117 | D:12     | Noticed Snorg
 35165 | D:12     | Reached skill level 12 in Spellcasting
 35581 | D:12     | Noticed Erolcha
 35585 | D:12     | Killed Erolcha
 35585 | D:12     | Reached skill level 10 in Armour
 35676 | D:12     | Found Camerenk's General Store.
 35814 | D:12     | Noticed a fire giant
 35821 | D:12     | Killed a fire giant
 36112 | D:12     | Killed Kirke
 36112 | D:12     | Reached skill level 11 in Fighting
 36393 | D:12     | Bought a +2 hat for 192 gold pieces
 36574 | D:12     | Killed Snorg
 36763 | D:12     | Found a white marble altar of Elyvilon.
 36904 | D:12     | Noticed a tengu reaver
 36910 | D:12     | HP: 54/118 [something (9)]
 37365 | D:12     | Found a white marble altar of Elyvilon.
 37382 | D:12     | Killed a tengu reaver
 37382 | D:12     | Reached skill level 5 in Charms
 37390 | D:12     | Reached skill level 8 in Air Magic
 37754 | D:12     | Found Camerenk's General Store.
 38851 | D:13     | Reached skill level 11 in Shields
 39181 | D:13     | Found a gate to the Vaults.
 40689 | D:15     | Entered Level 15 of the Dungeon
 40851 | D:14     | Offered knowledge of Bolt of Cold by Vehumet.
 42397 | D:15     | HP: 50/120 [two-headed ogre/+0 giant spiked club (18)]
 42399 | D:15     | HP: 17/120 [two-headed ogre/+0 giant spiked club (20)]
 42471 | D:15     | HP: 35/120 [something (8)]
 42479 | D:15     | HP: 29/120 [something (4)]
 42490 | D:15     | HP: 24/120 [something (3)]
 43178 | D:15     | Found a staircase to the Depths.
 43612 | Orc:1    | Killed Rupert
 43612 | Orc:1    | Reached skill level 12 in Fighting
 43612 | Orc:1    | Reached XP level 16. HP: 127/127 MP: 9/32
 44060 | Orc:1    | Reached skill level 12 in Shields
 44060 | Orc:1    | Reached skill level 9 in Air Magic
 44123 | Orc:1    | HP: 59/127 [Saint Roka/divine providence (9)]
 44126 | Orc:1    | Killed Saint Roka
 44135 | Orc:1    | HP: 38/127 [orc warrior/+0 long sword[an orc warlord] (10)]
 44431 | Orc:2    | Offered knowledge of Freezing Cloud by Vehumet.
 46051 | Orc:2    | Found a staircase to the Elven Halls.
 46168 | Orc:2    | Found a roughly hewn altar of Beogh.
 46438 | Orc:2    | Found Lakuck's Distillery.
 46438 | Orc:2    | Found Zupt's Book Boutique.
 46451 | Orc:2    | Bought a book of Annihilations for 1766 gold pieces
 46460 | Orc:2    | Found a roughly hewn altar of Beogh.
 46501 | Orc:2    | Found Yhesoumm's Weapon Emporium.
 46501 | Orc:2    | Found Zakofreo's Book Boutique.
 46515 | Orc:2    | Bought a book of Flames for 455 gold pieces
 46518 | Orc:2    | Learned a level 2 spell: Blink
 46629 | Orc:2    | Found Lakuck's Distillery.
 46629 | Orc:2    | Found Zupt's Book Boutique.
 46691 | Orc:2    | Found a roughly hewn altar of Beogh.
 46751 | Orc:2    | Found a staircase to the Elven Halls.
 46887 | Orc:2    | Found Zakofreo's Book Boutique.
 46887 | Orc:2    | Found Yhesoumm's Weapon Emporium.
 47491 | Swamp:1  | Entered Level 1 of the Swamp
 47740 | Swamp:1  | Noticed Nikola
 47983 | Lair:3   | HP: 57/129 [Nikola/chain lightning (31)]
 47983 | Lair:3   | HP: 27/129 [Nikola/chain lightning (30)]
 48334 | Lair:3   | HP: 60/129 [Nikola/chain lightning (6)]
 48334 | Lair:3   | Killed Nikola
 49047 | Swamp:1  | Reached skill level 2 in Translocations
 49055 | Swamp:1  | Noticed Josephine
 49199 | Swamp:1  | Killed Josephine
 49805 | Swamp:1  | Found a runed translucent door.
 49805 | Swamp:1  | Noticed Roghewn's ghost (adept FoFi)
 49833 | Swamp:1  | HP: 58/129 [alligator (7)]
 50403 | Swamp:1  | Noticed Frances
 50412 | Swamp:1  | Killed Frances
 50807 | Swamp:1  | HP: 63/129 [alligator (11)]
 51189 | Swamp:1  | Reached skill level 3 in Translocations
 51308 | Swamp:1  | Reached skill level 13 in Shields
 51498 | Swamp:2  | Noticed a thorn hunter
 51659 | Swamp:2  | Killed a thorn hunter
 52325 | Swamp:2  | You fall into a shaft and drop 1 floor!
 52360 | Swamp:3  | HP: 64/129 [insubstantial wisp/static electricity (9)]
 52362 | Swamp:3  | Reached skill level 13 in Fighting
 52602 | Swamp:3  | Upgraded the game from 0.24-a0-433-gbe6fa4f6cc to
                  | 0.24-a0-434-gd57e52fea8
 52615 | Swamp:3  | Offered knowledge of Spellforged Servitor by Vehumet.
 53034 | Swamp:3  | Noticed a thorn hunter
 53060 | Swamp:2  | HP: 61/130 [slime creature (9)]
 53069 | Swamp:2  | HP: 43/130 [slime creature (6)]
 53564 | Swamp:3  | Killed a thorn hunter
 53936 | Swamp:3  | HP: 61/131 [large slime creature (30)]
 53938 | Swamp:3  | Reached XP level 17. HP: 64/137 MP: 9/33
 54848 | Swamp:4  | Entered Level 4 of the Swamp
 56028 | Swamp:4  | Reached skill level 14 in Shields
 56034 | Swamp:4  | HP: 61/137 [seven-headed hydra[a spriggan druid] (14)]
 56051 | Swamp:4  | HP: 56/137 [swamp dragon (5)]
 56571 | Spider:1 | Entered Level 1 of the Spider Nest
 56851 | Spider:1 | Got a faintly glowing ruby amulet
 56852 | Spider:1 | Identified the amulet "Jull" {Acrobat Str+4} (You acquired
                  | it on level 1 of the Spider Nest)
 58194 | Spider:1 | Reached skill level 4 in Fire Magic
 58597 | Spider:1 | Reached ****** piety under Vehumet
 58597 | Spider:1 | HP: 69/138 [redback (2)]
 58973 | Spider:2 | HP: 68/138 [tarantella (12)]
 58975 | Spider:2 | HP: 33/138 [jumping spider (8)]
 58975 | Spider:2 | HP: 12/138 [demonic crawler (7)]
 58975 | Spider:2 | HP: 4/138 [demonic crawler (8)]
 58977 | Spider:2 | Slain by a jumping spider

Vanquished Creatures
  Saint Roka (Orc:1)
  Rupert (Orc:1)
  2 thorn hunters
  Frances (Swamp:1)
  Kirke (D:12)
  A tengu reaver (D:12)
  A fire giant (D:12)
  An orc warlord (Orc:1)
  An emperor scorpion (Spider:1)
  Snorg (D:12)
  Josephine (Swamp:1)
  A fire dragon (D:15)
  17 hydras
  An ogre mage (D:15)
  3 ghost crabs
  2 shambling mangroves
  Erolcha (D:12)
  A catoblepas (Lair:5)
  2 centaur warriors
  2 ice dragons
  2 dancing weapons (D:13)
  10 alligators
  12 two-headed ogres
  6 death yaks (Lair:6)
  An orc high priest (Orc:1)
  Nergalle (D:10)
  A hell knight (D:12)
  Sonja (Lair:3)
  3 unseen horrors
  4 swamp dragons
  A spriggan druid (Swamp:4)
  A glowing orange brain (D:9)
  A swamp dragon (shapeshifter) (D:12)
  A lindwurm (Lair:6)
  11 orc sorcerers
  An orc knight (D:14)
  2 deep elf magi (Orc:1)
  12 wolf spiders
  An orb spider (Lair:3)
  9 ugly things
  3 cyclopes
  4 manticores
  Maurice (D:11)
  19 elephants
  4 black mambas
  A gargoyle (D:13)
  8 torpor snails (Lair:6)
  30 spiny frogs
  2 rime drakes
  3 komodo dragons
  A tengu conjurer (D:14)
  2 demonic crawlers (Spider:1)
  14 polar bears
  15 tyrant leeches
  7 jumping spiders
  A merfolk (D:9)
  10 hornets
  8 trolls
  A bog body (Swamp:4)
  Prince Ribbit (D:5)
  5 blink frogs (Lair:5)
  22 slime creatures
  12 hippogriffs
  A shadow (D:15)
  32 redbacks
  7 spriggans
  4 wyverns
  2 vampires
  A redback (shapeshifter) (D:14)
  4 wraiths
  11 tarantellas
  4 hungry ghosts
  4 basilisks
  54 yaks
  2 hogs (D:12)
  16 vampire mosquitoes
  8 swamp worms
  16 wargs
  14 insubstantial wisps
  10 water moccasins
  8 swamp drakes
  An acid dragon (D:12)
  17 hell hounds (Lair:6)
  7 porcupines
  6 sky beasts
  30 orc warriors
  A hornet zombie (D:15)
  3 ice beasts
  A necrophage (D:5)
  3 phantoms
  15 black bears
  13 ogres
  2 eyes of draining
  28 wolves
  11 centaurs
  8 crocodiles
  5 big kobolds
  19 bullfrogs
  A wyvern zombie (D:13)
  A wyvern skeleton (D:12)
  4 scorpions
  19 killer bees
  5 wights
  6 electric eels (D:7)
  7 crimson imps
  4 centaur zombies
  16 orc priests
  13 hounds
  12 jellies
  9 centaur skeletons
  51 orc wizards
  An iron imp (Orc:1)
  3 bullfrog skeletons
  7 iguanas
  Natasha (twice) (D:3)
  15 worker ants
  4 hell rats (Lair:5)
  2 hound skeletons
  A worker ant zombie (D:11)
  A river rat (D:5)
  12 adders
  A howler monkey skeleton (D:9)
  6 shadow imps
  A white imp (Orc:1)
  An ooze (Lair:6)
  An adder skeleton (D:8)
  2 adder zombies
  A worm (D:3)
  2 dart slugs
  5 leopard geckos
  139 orcs
  4 giant cockroaches
  11 goblins
  9 hobgoblins
  4 jackals (D:10)
  5 quokkas
  2 ball pythons
  4 bats
  3 frilled lizards
  26 kobolds
  A leopard gecko skeleton (D:8)
  2 quokka skeletons (D:6)
  A quokka zombie (D:5)
  6 rats
  3 fungi
  2 plants (Lair:6)
1103 creatures vanquished.

Vanquished Creatures (collateral kills)
  3 ugly things (Swamp:3)
  2 insubstantial wisps (Swamp:3)
  A hound (Lair:3)
  An orc (Orc:1)
7 creatures vanquished.

Vanquished Creatures (others)
  Nikola (Lair:3)
  A hydra (Swamp:2)
  A centaur warrior (D:10)
  A death yak (Lair:6)
  An unseen horror (D:14)
  A deep elf mage (D:15)
  A spiny frog (Swamp:3)
  A tyrant leech (Swamp:2)
  A human (D:12)
  A swamp worm (Swamp:2)
  An ogre (Orc:2)
  A wolf (Lair:3)
  An orc wizard (D:6)
  An orc (Orc:2)
  10 fungi
  30 plants
54 creatures vanquished.

Grand Total: 1164 creatures vanquished

Table legend:
 A = Turns spent in this place as a percentage of turns spent in the entire game.
 B = Non-inter-level travel turns spent in this place as a percentage of non-inter-level travel turns spent in the entire game.
 C = Inter-level travel turns spent in this place as a percentage of turns spent in this place.
 D = Turns resting spent in this place as a percentage of non-inter-level travel turns spent in this place.
 E = Turns spent auto-exploring this place as a percentage of non-inter-level travel turns spent in this place.
 F = Non-inter-level travel turns spent in this place divided by the number of levels of this place that you've seen.
                   A       B       C       D       E      F
               +-------+-------+-------+-------+-------+----------------------
         Total | 100.0 | 100.0 |   4.1 |  58.7 |  30.0 | 1950.1
       Dungeon |  46.5 |  46.7 |   3.9 |  54.6 |  33.3 | 1759.3
          Lair |  29.0 |  28.7 |   4.9 |  63.7 |  26.2 | 2706.7
         Swamp |  12.8 |  12.8 |   4.2 |  61.9 |  27.7 | 1805.2
   Spider Nest |   4.1 |   4.1 |   2.7 |  53.4 |  34.0 | 1171.0
  Orcish Mines |   7.6 |   7.7 |   3.1 |  63.1 |  25.9 | 2180.0
               +-------+-------+-------+-------+-------+----------------------
